AoeStats
← Bear_Pig_Man

Arena

510442378Analyzed
4v4 RM · 13h ago on Oct 1, 2026· 70m 2s· 8 players
Game mode
Random Map
Map size
Large (8 player)
Population
200
Speed
Normal
Resources
Standard
Victory
Conquest
Starting age
Dark Age
Ending age
Imperial Age
RankedLock teamsTeams togetherTeam positionsShared explorationLock speedFull tech treeHidden civsTurbo modeCheats
Victory
Defeat
🇺🇸 Khmer · United States
1036
+15
🇲🇽 Malians · Mexico
1032
+15
🇺🇸 Berbers · United States
1032
+15
🇺🇸 Lithuanians · United States
1018
+15
🇺🇸 Turks · United States
1022
-16
🇺🇸 Ethiopians · United States
1003
-15
🇨🇦 Franks · Canada
1002
-15
🇺🇸 Romans · United States
987
-14
Bear_Pig_Man
13:58 Feudal Age
14:24 Double-Bit Axe
18:11 Castle Age
16:17 Horse Collar
16:59 Gold Mining
19:09 Bow Saw
23:10 Imperial Age
26:15 Wheelbarrow
26:48 Stone Mining
27:46 Loom
28:24 Heavy Plow
30:25 Gold Shaft Mining
29:55 Murder Holes
30:49 Hand Cart
31:52 Town Watch
33:29 Ballistics
34:35 Town Patrol
36:57 Heavy Scorpion
39:41 Two-Man Saw
42:14 Thumb Ring
42:34 Parthian Tactics
44:32 Artillery
44:37 Heavy Camel Rider
45:28 Bloodlines
45:18 Husbandry
45:30 Heavy Cavalry Archer
47:29 Forging
50:45 Iron Casting
50:16 Scale Barding Armor
Mr Ben Wayde
11:43 Feudal Age
16:21 Castle Age
14:48 Double-Bit Axe
14:45 Horse Collar
15:26 Gold Mining
15:25 Loom
18:57 Bow Saw
20:05 Heavy Plow
30:08 Caravan
32:15 Wheelbarrow
32:56 Ballistics
32:48 Fortified Wall
32:37 Murder Holes
33:55 Hand Cart
34:20 Gold Shaft Mining
33:45 Fletching
37:00 Imperial Age
34:52 Ballistas
37:22 Heavy Scorpion
38:39 Conscription
39:22 Chemistry
39:46 Crop Rotation
44:27 Town Watch
50:06 Town Patrol
50:13 Siege Engineers
56:47 Stone Mining
61:20 Masonry
63:45 Bodkin Arrow
AB14
11:50 Feudal Age
15:47 Castle Age
17:28 Double-Bit Axe
23:26 Stone Mining
23:44 Gold Mining
31:25 Gold Shaft Mining
34:10 Imperial Age
31:26 Loom
31:27 Town Watch
31:52 Scale Barding Armor
31:57 Forging
32:31 Husbandry
32:43 Forging
32:54 Chain Barding Armor
33:50 Wheelbarrow
34:03 Iron Casting
34:57 Sanctity
34:48 Fervor
34:58 Hand Cart
35:04 Bow Saw
36:10 Plate Barding Armor
37:20 Blast Furnace
36:12 Light Cavalry
36:21 Cavalier
37:57 Conscription
37:59 Paladin
40:12 Chemistry
39:33 Ballistics
51:35 Onager
52:55 Siege Engineers
52:31 Treadmill Crane
53:02 Masonry
52:48 Murder Holes
53:05 Fortified Wall
60:59 Elite Skirmisher
61:31 Fletching
61:42 Padded Archer Armor
62:29 Bodkin Arrow
62:50 Caravan
63:19 Pikeman
63:44 Gambesons
64:00 Squires
63:45 Arson
65:14 Leather Archer Armor
67:19 Town Patrol
68:47 Halberdier
Wangdangdoodle
11:36 Feudal Age
15:09 Castle Age
13:20 Double-Bit Axe
19:48 Crossbowman
29:30 Imperial Age
30:07 Wheelbarrow
29:34 Horse Collar
30:07 Bow Saw
31:11 Chemistry
30:40 Fletching
31:02 Forging
31:51 Halberdier
35:55 Scale Mail Armor
37:50 Iron Casting
38:16 Chain Mail Armor
42:47 Arbalester
43:55 Fletching
44:52 Bodkin Arrow
44:57 Padded Archer Armor
48:00 Siege Engineers
49:16 Masonry
52:43 Conscription
54:01 Thumb Ring
53:24 Light Cavalry
54:45 Hand Cart
54:15 Loom
54:08 Hussar
59:14 Ballistics
60:15 Blast Furnace
59:45 Plate Mail Armor
59:15 Bracer
59:16 Padded Archer Armor
66:13 Scale Barding Armor
66:40 Husbandry
69:10 Heavy Plow
I THS I
11:24 Feudal Age
11:53 Double-Bit Axe
16:51 Castle Age
15:48 Horse Collar
17:51 Heavy Plow
20:03 Loom
22:51 Wheelbarrow
24:29 Gold Mining
28:00 Hand Cart
28:27 Bloodlines
28:17 Husbandry
28:29 Scale Barding Armor
30:34 Chain Barding Armor
30:24 Forging
31:33 Bow Saw
32:02 Stone Mining
32:47 Gold Shaft Mining
33:13 Fletching
33:23 Padded Archer Armor
33:59 Iron Casting
36:38 Imperial Age
34:18 Town Watch
34:39 Scale Mail Armor
34:35 Bodkin Arrow
34:55 Leather Archer Armor
35:05 Ballistics
34:44 Murder Holes
36:39 Heavy Scorpion
37:44 Double Crossbow
37:56 Light Cavalry
39:01 Hussar
42:31 Conscription
45:27 Elite Battle Elephant
46:38 Fortified Wall
46:34 Siege Engineers
HowManyMustDie
10:09 Feudal Age
14:29 Castle Age
14:03 Double-Bit Axe
20:03 Fervor
22:22 Wheelbarrow
22:54 Loom
24:35 Bow Saw
24:39 Horse Collar
27:07 Bloodlines
27:54 Scale Barding Armor
28:39 Heavy Plow
29:37 Murder Holes
31:35 Hand Cart
31:39 Stone Mining
31:39 Gold Mining
35:24 Imperial Age
33:34 Stone Shaft Mining
33:41 Husbandry
34:07 Chain Barding Armor
33:39 Fletching
35:25 Crossbowman
36:15 Thumb Ring
35:43 Cavalier
35:44 Light Cavalry
37:15 Conscription
38:08 Two-Man Saw
37:15 Winged Hussar
37:17 Paladin
38:40 Bodkin Arrow
39:23 Plate Barding Armor
42:09 Crop Rotation
43:17 Bodkin Arrow
44:32 Chemistry
43:03 Onager
59:26 Elite Skirmisher
60:22 Padded Archer Armor
60:00 Elite Genitour
61:18 Leather Archer Armor
Sniper_Wolf
11:52 Feudal Age
13:32 Loom
16:10 Castle Age
14:20 Double-Bit Axe
14:41 Horse Collar
16:35 Gold Mining
17:09 Bow Saw
19:34 Forging
22:07 Arson
25:00 Iron Casting
24:26 Scale Mail Armor
25:24 Squires
26:34 Wheelbarrow
27:16 Chain Mail Armor
27:27 Town Watch
33:22 Imperial Age
31:11 Scale Barding Armor
32:40 Gold Shaft Mining
32:21 Bloodlines
32:06 Light Cavalry
32:46 Husbandry
34:03 Hand Cart
34:35 Conscription
34:50 Plate Mail Armor
37:00 Elite Gbeto
42:21 Chain Barding Armor
43:59 Farimba
45:09 Plate Barding Armor
45:06 Heavy Plow
Tugg Speedman
0:35 Loom
11:46 Feudal Age
16:53 Castle Age
15:32 Double-Bit Axe
24:17 Fletching
27:46 Redemption
29:30 Bodkin Arrow
31:04 Masonry
31:26 Fortified Wall
31:37 Ballistics
32:07 Guard Tower
35:18 Imperial Age
35:01 Bloodlines
36:30 Forging
36:27 Scale Barding Armor
42:00 Imperial Age
41:40 Husbandry
44:31 Chemistry
44:46 Cavalier
46:23 Light Cavalry
56:01 Padded Archer Armor
56:02 Bracer
55:48 Elite Skirmisher
60:18 Hussar
66:05 Pikeman
67:38 Horse Collar
Connection lost

Rejoining the realm…

Still unreachable

The connection could not be restored.

Session expired

The server has moved on; the page needs a fresh start.